Map: Blackburn LE

Players

Scarlett - Winner!

  • Race: Zerg Zerg

PureLegacy

  • Race: Terran Terran

Event: DreamHack SC2 Masters 2021 Winter

VOD

Have the link to the VOD?

Description

Time

  • Played on: Oct. 9, 2021, 5:32 p.m.
  • Length: 10:36

All games in this series

Show
View Real Time Build Order
Export as new Build Order

Scarlett Zerg - Winner!

Build Orders: Pool First, Swarm Host 

Get SALT Encoding   

  12  0:00  Drone  
  13  0:12  Overlord  
  13  0:17  Drone  
  14  0:31  Drone x2  
  16  0:40  Spawning Pool  
  15  0:46  Drone  
  15  0:48  Drone  
  17  1:08  Hatchery  
  16  1:11  Drone  
  17  1:25  Extractor  
  16  1:27  Zergling x4  
  16  1:28  Zergling x2  
  16  1:32  Queen  
  21  1:48  Drone  
  22  1:54  Overlord  
  22  2:13  Queen  
  22  2:14  Drone x2  
  26  2:34  Drone x4  
  26  2:36  Queen  
  29  2:38  Metabolic Boost  
  29  2:45  Drone x3  
  32  3:01  Hatchery  
  31  3:06  Overlord  
  31  3:08  Drone  
  32  3:13  Drone x2  
  32  3:16  Drone  
  35  3:23  Drone  
  36  3:28  Drone x5  
  41  3:35  Overlord  
  41  3:41  Zergling x2  
  42  3:43  Queen  
  42  3:44  Overlord  
  44  3:55  Spore Crawler  
  43  4:01  Drone x6, Overlord  
  50  4:10  Queen, Overlord  
  52  4:17  Drone x3  
  52  4:20  Queen  
  52  4:21  Drone  
  58  4:27  Drone x4  
  58  4:28  Zergling x2  
  63  4:32  Zergling x4  
  65  4:39  Zergling x4  
  65  4:43  Evolution Chamber  
  65  4:47  Evolution Chamber  
  65  4:52  Drone x5  
  69  4:59  Extractor  
  68  5:00  Extractor  
  68  5:01  Drone x7  
  68  5:02  Overlord  
  68  5:07  Overlord  
  74  5:12  Roach Warren  
  74  5:13  Overlord  
  73  5:17  Spore Crawler  
  73  5:19  Spore Crawler x2  
  72  5:22  Zergling x8  
  72  5:27  Queen, Lair  
  73  5:42  Drone x11  
  78  5:49  Zergling x4  
  77  5:56  Drone x2  
  79  5:57  Queen  
  79  5:58  Drone x2  
  79  6:00  Drone, Extractor  
  79  6:01  Extractor  
  79  6:03  Extractor  
  79  6:12  Zergling x2  
  79  6:13  Zergling x10  
  79  6:16  Evolution Chamber  
  79  6:17  Evolution Chamber  
  83  6:24  Hatchery  
  82  6:26  Drone x5  
  82  6:30  Glial Reconstitution  
  82  6:40  Drone x8  
  82  6:46  Zerg Missile Weapons Level 1, Zerg Ground Armor Level 1  
  90  6:49  Infestation Pit  
  89  6:57  Roach x4  
  97  7:03  Drone  
  97  7:04  Overlord  
  97  7:05  Overlord x2  
  97  7:06  Overlord x2  
  98  7:23  Drone  
  98  7:24  Drone x12  
  111  7:30  Nydus Network  
  110  7:43  Swarm Host x7  
  131  7:46  Overseer  
  131  7:47  Swarm Host x4  
  143  7:52  Ravager  
  143  7:53  Overlord x2  
  143  7:56  Extractor  
  143  7:58  Extractor  
  142  8:04  Roach x2  
  141  8:14  Drone x10  
  141  8:18  Swarm Host x3  
  159  8:20  Overlord x2  
  159  8:23  Overlord x2  
  159  8:24  Overlord  
  159  8:27  Hatchery  
  159  8:30  Nydus Canal  
  159  8:34  Overlord x3  
  158  8:40  Roach x5  
  168  8:43  Roach x2  
  168  8:44  Ravager x4  
  176  8:50  Spine Crawler  
  173  9:05  Roach x9  
  188  9:11  Ravager x7  
  195  9:18  Roach x2  
  199  9:34  Spine Crawler x2  
  194  9:40  Nydus Canal  
  188  9:48  Extractor  
  188  9:49  Extractor  
  188  9:50  Ravager x7  
  191  10:00  Spine Crawler  
  191  10:01  Spine Crawler  
  189  10:17  Nydus Canal  
  179  10:23  Ravager  
Show
View Real Time Build Order
Export as new Build Order

PureLegacy Terran 

Build Orders: Reaper Expand, Mech 

Get SALT Encoding   

  12  0:03  SCV  
  13  0:15  SCV  
  13  0:20  Supply Depot  
  14  0:27  SCV  
  15  0:41  SCV  
  15  0:42  Barracks  
  16  0:45  Refinery  
  16  0:53  SCV  
  17  1:05  SCV  
  18  1:17  SCV  
  19  1:30  Reaper, Orbital Command  
  20  1:42  Command Center  
  20  1:50  Supply Depot  
  20  1:58  SCV  
  21  2:02  Marine  
  22  2:10  SCV  
  22  2:13  Factory  
  23  2:22  SCV  
  24  2:24  Barracks Reactor  
  22  2:43  SCV  
  22  2:56  SCV  
  23  3:00  Orbital Command  
  23  3:09  Command Center  
  23  3:10  SCV  
  24  3:18  Starport  
  24  3:23  SCV  
  24  3:25  SCV  
  26  3:35  SCV  
  26  3:37  SCV  
  26  3:38  Hellion x2  
  32  3:41  Barracks Tech Lab  
  32  3:47  SCV  
  33  3:50  SCV  
  34  3:59  SCV  
  34  4:01  Hellion x2  
  38  4:03  SCV  
  38  4:05  Viking  
  38  4:06  Refinery  
  41  4:11  SCV  
  41  4:15  SCV  
  43  4:20  Supply Depot  
  43  4:21  Orbital Command  
  43  4:23  SCV  
  44  4:28  SCV  
  44  4:30  Refinery x2  
  45  4:34  Hellion  
  45  4:35  SCV  
  45  4:36  Hellion  
  50  4:40  SCV  
  51  4:47  SCV  
  51  4:50  SCV  
  51  4:52  SCV  
  54  4:55  Supply Depot  
  54  4:56  Hellion  
  54  4:57  Hellion  
  54  4:58  Supply Depot  
  54  4:59  SCV  
  59  5:02  Factory, SCV  
  59  5:05  Factory  
  60  5:08  Barracks Tech Lab  
  60  5:09  SCV  
  60  5:11  SCV  
  62  5:17  Supply Depot  
  62  5:19  Hellion x2  
  62  5:21  SCV  
  67  5:24  SCV  
  67  5:25  Supply Depot  
  68  5:32  Orbital Command  
  68  5:33  SCV  
  69  5:36  SCV  
  66  5:45  SCV  
  66  5:48  Hellion x2  
  66  5:50  SCV, Siege Tank  
  66  5:55  Armory  
  66  5:56  Armory  
  67  5:57  SCV  
  67  5:58  Siege Tank  
  67  5:59  SCV  
  67  6:02  SCV  
  73  6:07  Factory x2  
  73  6:09  SCV  
  73  6:11  SCV  
  75  6:15  SCV  
  75  6:16  Hellion x2  
  80  6:19  Refinery x2  
  80  6:21  SCV  
  80  6:25  Supply Depot, Siege Tank  
  84  6:27  SCV x2  
  78  6:43  Hellion x2, Infernal Pre-Igniter, Mag-Field Accelerator  
  78  6:44  SCV x3  
  78  6:45  Terran Vehicle Weapons Level 1, Terran Vehicle And Ship Armor Level 1  
  81  6:54  Command Center  
  81  6:56  SCV  
  81  6:59  SCV  
  83  7:04  Factory Reactor, Factory Tech Lab  
  83  7:07  Siege Tank x2  
  83  7:08  Hellion x2, SCV  
  93  7:12  Supply Depot, SCV  
  93  7:13  Supply Depot, SCV  
  96  7:20  SCV, Engineering Bay  
  97  7:25  SCV x2  
  97  7:29  Smart Servos  
  99  7:34  Hellion x2, SCV, Siege Tank  
  105  7:39  Supply Depot  
  105  7:40  Supply Depot  
  105  7:42  Hellion x2, Siege Tank  
  112  7:44  Siege Tank  
  112  7:48  Supply Depot  
  115  8:00  Factory  
  115  8:01  Factory  
  113  8:06  Hellion x4, Siege Tank  
  113  8:07  SCV  
  113  8:08  SCV x2  
  125  8:17  Siege Tank  
  125  8:18  Siege Tank  
  127  8:22  SCV x3  
  130  8:27  Supply Depot  
  130  8:31  Hellion x2  
  130  8:32  Hellion, Refinery x2  
  130  8:33  Hellion  
  138  8:36  Planetary Fortress  
  138  8:39  SCV  
  139  8:42  SCV  
  139  8:43  Missile Turret  
  139  8:45  Sensor Tower  
  138  8:56  Cyclone x2  
  144  9:03  Hellion x8  
  135  9:11  Hellion  
  135  9:12  Hellion x3, Factory Tech Lab x2  
  135  9:14  Siege Tank  
  138  9:18  SCV x4  
  138  9:21  Supply Depot  
  142  9:28  Siege Tank  
  142  9:30  Siege Tank  
  151  9:31  Siege Tank  
  138  9:47  Siege Tank  
  138  9:51  Hellion x2  
  145  9:55  Supply Depot x2  
  139  10:00  Siege Tank  
  139  10:01  Factory  
  139  10:03  Siege Tank, Factory Tech Lab  
  136  10:12  SCV  
  136  10:13  Hellion x2, SCV x2  
  138  10:23  SCV  
  146  10:31  Command Center  

Tags
 
Add a new tag
Caveats
  • Supply blocks, unpowered buildings, or Contaminate may cause inaccurate times.
  • Supply counts are checked every 10 seconds.